 Dungeon Crawl Stone Soup version 0.30-a0-390-g80c34de65d (webtiles) character file.

Game seed: 12763357709406749225

756 pokeman the Thaumaturge (level 7, -5/40 HPs)
             Began as a Deep Elf Hedge Wizard on Dec 4, 2022.
             Killed by divine providence
             ... invoked by an orc priest
              (10 damage)
             ... on level 5 of the Dungeon.
             The game lasted 00:13:18 (5720 turns).

pokeman the Thaumaturge (Deep Elf Hedge Wizard)     Turns: 5720, Time: 00:13:18

Health: -5/40      AC:  3    Str:  7    XL:     7   Next: 50%
Magic:  14/21      EV: 12    Int: 21    God:
Gold:   192        SH:  0    Dex: 14    Spells: 15/23 levels left

rFire   . . .      SeeInvis .    l - +0 dagger (venom)
rCold   . . .      Faith    .    (no shield)
rNeg    . . .      Spirit   .    m - +0 leather armour
rPois   .          Reflect  .    c - +0 hat
rElec   .          Harm     .    (no cloak)
rCorr   .          Rampage  .    (no gloves)
Will    .....                    (no boots)
Stlth   +.........               (no amulet)
HPRegen 0.26/turn                (no ring)
MPRegen 0.17/turn                (no ring)

@: confused
A: no striking features
a: no special abilities


You were on level 5 of the Dungeon.
You visited 1 branch of the dungeon, and saw 5 of its levels.
You also visited: Sewer.

You collected 192 gold pieces.

Inventory:

Hand Weapons
 l - a +0 dagger of venom (weapon)
Missiles
 x - 2 curare-tipped darts
Armour
 c - a +0 hat (worn)
 m - a +0 leather armour (worn)
 D - a +0 kite shield
Wands
 A - a wand of polymorph (11)
 C - a wand of iceblast (4)
Scrolls
 b - a scroll of silence {unknown}
 g - 4 scrolls of teleportation {unknown}
 h - a scroll of summoning {unknown}
 j - a scroll of identify {unknown}
 k - 2 scrolls of amnesia {unknown}
 p - 2 scrolls of enchant weapon {unknown}
 r - 2 scrolls of enchant armour {unknown}
 t - a scroll of brand weapon {unknown}
 v - a scroll of acquirement {unknown}
 w - a scroll of immolation {unknown}
 y - a scroll of poison {unknown}
 z - a scroll of noise {unknown}
 B - 2 scrolls of fear {unknown}
Potions
 a - 2 potions of attraction {unknown}
 d - a potion of magic
 e - 3 potions of cancellation {unknown}
 f - 5 potions of might {unknown}
 i - 2 potions of curing {unknown}
 n - 4 potions of brilliance {unknown}
 o - a potion of heal wounds {unknown}
 q - a potion of mutation {unknown}
 s - a potion of resistance {unknown}
 u - a potion of haste {unknown}


   Skills:
 - Level 2.0 Fighting
 + Level 1.8 Armour
 - Level 3.0 Dodging
 - Level 3.0 Stealth
 * Level 8.5 Spellcasting
 + Level 4.3 Conjurations
 - Level 1.1 Summonings
 - Level 1.1 Translocations
 - Level 1.0 Air Magic
 - Level 1.2 Poison Magic
 + Level 0.0 Evocations


You had 15 spell levels left.
You knew the following spells:

 Your Spells              Type           Power      Damage    Failure   Level
a - Magic Dart            Conj           100%       1d8       1%          1
b - Mephitic Cloud        Conj/Pois/Air  18%        N/A       13%         3
c - Call Imp              Summ           13%        N/A       11%         2
d - Blink                 Tloc           26%        N/A       11%         2

Your spell library contained the following spells:

 Spells                   Type           Power      Damage    Failure   Level
 Slow                     Hex            32%        N/A       11%         1
 Cigotuvi's Dreadful Rot  Necr/Pois/Air  24%        N/A       12%         2
 Gell's Gravitas          Tloc           13%        N/A       22%         3
 Lesser Beckoning         Tloc           26%        N/A       22%         3
 Teleport Other           Tloc           13%        N/A       22%         3
 Manifold Assault         Tloc           13%        N/A       56%         4
 Storm Form               Tmut/Air       5%         N/A       100%        7


Dungeon Overview and Level Annotations

Branches:
Dungeon (5/15)              Sewer (visited)
 Temple: D:4-7

Altars:
Gozag
Kikubaaqudgha
Trog
The Shining One

Shops:
D:2 :   D:3 (   D:4 (


Message History

The stinking cloud engulfs you but does no damage.
You are engulfed in noxious fumes.
You choke on the stench!
You are confused.
You hear a shout!
The hound is engulfed in noxious fumes.
The hound appears confused.
The hound is engulfed in noxious fumes.
The hound appears confused.
Unknown command.
You bump into the rock wall.
You are engulfed in noxious fumes.
You choke on the stench!
You are more confused.
The hound is engulfed in noxious fumes.
The hound appears confused.
The hound barely misses you.
The orc priest invokes the aid of Beogh against you.
Beogh smites you!
You bump into the rock wall.
You are engulfed in noxious fumes.
You choke on the stench!
You are more confused.
The hound is engulfed in noxious fumes.
The orc priest calls down the wrath of Beogh upon you.
Beogh smites you!
The hound is engulfed in noxious fumes.
The hound appears confused.
You bump into the rock wall.
You are engulfed in noxious fumes.
You choke on the stench!
You are more confused.
The hound is engulfed in noxious fumes.
The hound appears confused.
The orc priest looks satisfied for a moment.
Unknown command.
The hound is engulfed in noxious fumes.
The hound appears confused.
The hound bites the orc.
The orc is killed!
The orc priest mumbles some strange prayers to Beogh against you.
Pain shoots through your body!
* * * LOW HITPOINT WARNING * * *
The hound is engulfed in noxious fumes.
The hound bites you.
* * * LOW HITPOINT WARNING * * *
You bump into the rock wall.
The hound bites you.
* * * LOW HITPOINT WARNING * * *
The orc priest mumbles some strange prayers to Beogh against you.
Beogh smites you!
You die...

. #. #.
##)######
....o..
#lh.# #@#
#.# #.#
#.# #.#
#.## #..#
##.##
#..##


You could see an iguana, a hound (confused) and an orc priest.

Vanquished Creatures
  An ogre (D:4)
  A kobold brigand (Sewer)
  A scorpion (D:4)
  A necrophage (D:4)
  2 hounds (D:4)
  An orc priest (D:5)
  A jelly (D:4)
  3 iguanas (D:4)
  An orc wizard (D:5)
  12 adders
  A gnoll (D:1)
  A river rat (Sewer)
  An ufetubus (D:4)
  3 worms
  3 dart slugs
  8 orcs
  11 ball pythons
  3 bats
  6 endoplasms
  8 giant cockroaches
  8 goblins
  5 hobgoblins
  9 jackals
  3 quokkas
  8 frilled lizards
  13 kobolds
  10 rats
125 creatures vanquished.

Vanquished Creatures (others)
  3 plants (Sewer)
3 creatures vanquished.

Grand Total: 128 creatures vanquished

Notes
Turn   | Place    | Note
-------+----------+-------------------------------------------
     0 | D:1      | pokeman the Deep Elf Hedge Wizard began the quest for the
                  | Orb.
     0 | D:1      | Reached XP level 1. HP: 10/10 MP: 7/7
    45 | D:1      | Reached XP level 2. HP: 13/16 MP: 0/9
   435 | D:1      | Reached skill level 5 in Spellcasting
   505 | D:1      | Reached XP level 3. HP: 9/20 MP: 0/11
   509 | D:1      | Learned a level 3 spell: Mephitic Cloud
   512 | D:1      | Learned a level 2 spell: Call Imp
   515 | D:1      | Learned a level 2 spell: Blink
  1190 | D:1      | Reached skill level 1 in Fighting
  1422 | D:2      | Reached skill level 1 in Armour
  1771 | D:2      | Reached XP level 4. HP: 25/25 MP: 10/13
  2016 | D:2      | Found Jiutes's Book Shoppe.
  2105 | D:2      | Found a glowing golden altar of the Shining One.
  2506 | D:3      | Found an opulent altar of Gozag.
  2621 | D:3      | Found Omagiuf's Weapon Emporium.
  2699 | D:3      | Found a glowing drain.
  2719 | Sewer    | Entered a sewer
  3058 | Sewer    | Reached skill level 6 in Spellcasting
  3058 | Sewer    | Reached XP level 5. HP: 29/29 MP: 9/15
  3198 | Sewer    | Reached skill level 1 in Poison Magic
  3301 | Sewer    | Reached skill level 1 in Air Magic
  3968 | D:3      | Reached XP level 6. HP: 32/34 MP: 12/17
  4022 | D:3      | Found a bloodstained altar of Trog.
  4390 | D:4      | Reached skill level 7 in Spellcasting
  4766 | D:4      | Found an ancient bone altar of Kikubaaqudgha.
  4844 | D:4      | Reached XP level 7. HP: 21/40 MP: 16/20
  5002 | D:4      | Reached skill level 8 in Spellcasting
  5325 | D:4      | Found Uxes's Weapon Shop.
  5529 | D:5      | Entered Level 5 of the Dungeon
  5720 | D:5      | Killed from afar by an orc priest

Illustrated notes

Levels and vault maps discovered:
D:1:      psy_arrival_dodecagon, layout_basic
D:2:      layout_loops_ring, serial_shops, nicolae_shop_advertising_works
          [nicolae_subvault_shop_adworks], basic_altar
D:3:      layout_loops_ring, grunt_gozag_statues, mainiacjoe_overflow_alcove_1,
          serial_shops, nicolae_shop_behind_doors, gup_sewer_entry_bubbles
D:4:      minmay_angry_zag, layout_basic,
          mainiacjoe_overflow_concentric_impassable, serial_shops,
          nicolae_shop_trees, hex_intersection
D:5:      layout_basic, nicolae_ru_awakened_eye,
          nicolae_qazlal_style_of_elements

Skill      XL: |  1  2  3  4  5  6  7 |
---------------+----------------------+-----
Spellcasting   | 5 6 7 8 |  8.5
Fighting       | 1 2 |  2.0
Conjurations   | 2 3 4 |  4.3
Armour         | 1 |  1.8
Stealth        | 3 |  3.0
Dodging        | 3 |  3.0
Poison Magic   | 1 |  1.2
Air Magic      | 1 |  1.0
Summonings     | |  1.1
Translocations | |  1.1

Action                   |  1- 3 |  4- 6 |  7- 9 || total
-------------------------+-------+-------+-------++-------
Melee: Dagger            |    37 |   119 |    36 ||   192
       Punch             |       |     2 |       ||     2
 Cast: Magic Dart        |    99 |   120 |    22 ||   241
       Mephitic Cloud    |     1 |     8 |     4 ||    13
       Blink             |       |     2 |       ||     2
       Call Imp          |       |     2 |       ||     2
 Stab: Confused          |     1 |     2 |     5 ||     8
       Sleeping          |       |     1 |     2 ||     3
Armor: Robe              |     6 |       |       ||     6
       Leather armour    |       |    26 |     4 ||    30
Dodge: Dodged            |    49 |    69 |    21 ||   139

Table legend: (Time is in decaauts)
 A = Elapsed time spent in this place.
 B = Non-inter-level travel time spent in this place.
 C = Inter-level travel time spent in this place.
 D = Time resting spent in this place.
 E = Time spent auto-exploring this place.
 F = Levels seen in this place.
 G = Mean time per level.
                   A        B        C        D        E       F      G
               +--------+--------+--------+--------+--------+-----+--------+
         Total |   5871 |   5758 |    113 |     83 |   4515 |   6 |  978.5 |
       Dungeon |   4802 |   4689 |    113 |     52 |   3632 |   5 |  960.4 |
         Sewer |   1068 |   1068 |      0 |     31 |    882 |   1 | 1068.0 |
               +--------+--------+--------+--------+--------+-----+--------+

Top non-repeatable levels by time:
     D:1: 1313 daAuts
     D:4: 1150 daAuts
     D:3: 1102 daAuts
   Sewer: 1068 daAuts
     D:2: 1046 daAuts
     D:5: 190 daAuts
